Map: World of Sleepers LE

Players

HeRoMaRinE - Winner!

  • Race: Terran Terran
  • Spawn Location: 7:00

ShoWTimE

  • Race: Protoss Protoss
  • Spawn Location: 1:00

VOD

Have the link to the VOD?

Description

Time

  • Played on: Sept. 7, 2019, 6:18 p.m.
  • Length: 17:39
Show
View Real Time Build Order
Export as new Build Order

HeRoMaRinE Terran - Winner!

Build Orders:  

Get SALT Encoding   

  12  0:00  SCV  
  13  0:13  SCV  
  14  0:17  Supply Depot  
  14  0:25  SCV  
  15  0:38  SCV  
  15  0:40  Barracks  
  16  0:43  Refinery  
  16  0:50  SCV  
  17  1:02  SCV  
  18  1:14  SCV  
  19  1:27  Orbital Command, Marine  
  20  1:39  Command Center  
  20  1:50  Factory  
  20  1:54  SCV  
  21  2:03  Barracks Reactor  
  21  2:04  Supply Depot  
  21  2:07  SCV  
  22  2:19  SCV  
  23  2:27  Bunker  
  22  2:31  SCV  
  22  2:32  Barracks  
  22  2:34  Widow Mine  
  25  2:42  Marine x2  
  25  2:43  SCV  
  27  2:51  Command Center  
  27  2:55  SCV  
  26  3:01  Marine x2  
  26  3:05  Factory Tech Lab  
  28  3:08  SCV  
  31  3:25  Supply Depot  
  31  3:27  SCV  
  30  3:28  Refinery  
  30  3:29  Stimpack  
  30  3:39  Starport, SCV  
  31  3:46  Marine x2  
  33  3:49  Marine  
  33  3:51  SCV  
  33  3:54  Factory Reactor  
  35  4:02  Orbital Command  
  35  4:04  SCV  
  35  4:09  Marine x2  
  38  4:10  Marine  
  38  4:13  Factory Tech Lab  
  38  4:16  Medivac  
  41  4:19  SCV  
  42  4:27  Marine x2  
  42  4:30  Engineering Bay  
  44  4:37  Siege Tank  
  44  4:38  Marine  
  48  4:41  SCV  
  48  4:43  SCV  
  48  4:45  Marine  
  51  4:47  Marine  
  52  4:55  Supply Depot, Marine  
  52  4:56  Orbital Command  
  53  5:03  SCV  
  53  5:06  Terran Infantry Weapons Level 1  
  54  5:07  Missile Turret  
  54  5:13  Combat Shield  
  54  5:16  SCV, Marine x3  
  58  5:27  SCV  
  59  5:29  SCV  
  59  5:32  Supply Depot  
  59  5:34  Marine x2  
  62  5:46  Siege Tank, SCV x2  
  67  5:50  Marine  
  67  5:55  Supply Depot  
  68  5:57  Marauder  
  68  5:58  SCV x2  
  68  6:01  Barracks  
  68  6:02  Refinery  
  72  6:10  SCV x2, Marine x2  
  76  6:12  Starport Reactor  
  76  6:19  Marauder  
  76  6:22  SCV x2  
  80  6:32  Concussive Shells, Missile Turret  
  80  6:34  Factory Reactor  
  80  6:35  SCV x2  
  77  6:42  Marauder, Marine x2  
  81  6:47  SCV  
  81  6:53  SCV  
  81  6:59  SCV  
  81  7:00  Marine x2  
  83  7:04  Marauder  
  79  7:12  Medivac x2  
  79  7:13  Widow Mine  
  79  7:14  Widow Mine  
  84  7:18  Command Center, Marine x2  
  84  7:19  Supply Depot  
  84  7:25  Marauder  
  86  7:33  Refinery  
  86  7:34  Terran Infantry Armor Level 1  
  86  7:41  Supply Depot, Marine x2, Marauder  
  90  7:46  Marauder  
  90  7:49  SCV x2  
  92  7:55  Supply Depot  
  92  7:57  Medivac x2  
  96  7:58  Marine x2  
  96  7:59  Widow Mine x2  
  96  8:03  Marauder, SCV x2  
  106  8:11  Supply Depot  
  104  8:15  Marauder  
  104  8:18  Marine x2  
  108  8:24  Marauder, Barracks  
  108  8:31  SCV x2  
  110  8:34  Barracks  
  110  8:37  Marine x2  
  110  8:40  Marauder  
  114  8:43  SCV x2  
  114  8:46  Marauder  
  118  8:53  SCV  
  118  8:55  SCV, Marine x2  
  120  9:01  Marauder  
  106  9:03  Medivac x2  
  106  9:07  Marauder  
  106  9:08  SCV x2  
  114  9:11  Orbital Command  
  114  9:12  Marine  
  115  9:20  Barracks Reactor, SCV x2  
  115  9:23  Ghost Academy  
  117  9:24  Barracks Tech Lab  
  117  9:25  Marine x2  
  119  9:31  Unknown  
  119  9:36  Armory  
  119  9:37  Engineering Bay  
  117  9:39  Marine  
  117  9:42  Marauder  
  119  9:45  Marine  
  119  9:46  Marauder, Marine  
  119  9:52  Enhanced Shockwaves  
  121  9:56  Marine x2  
  121  9:57  Widow Mine  
  121  9:58  Widow Mine  
  127  10:05  Ghost x2  
  127  10:06  Ghost  
  133  10:07  Marine x2  
  135  10:14  Marine x2  
  135  10:17  Supply Depot  
  135  10:19  Widow Mine x2  
  141  10:21  Supply Depot  
  141  10:30  Terran Infantry Weapons Level 2  
  141  10:32  Terran Infantry Armor Level 2  
  141  10:34  Supply Depot  
  141  10:38  Medivac x2, Marine x4  
  141  10:40  Supply Depot  
  149  10:43  Widow Mine x2  
  149  10:49  Ghost x2  
  153  10:52  Marine  
  153  10:56  Marine x3  
  159  10:59  Marine  
  158  11:10  Marine  
  159  11:12  Viking x2  
  159  11:14  Marine x2  
  159  11:16  Marine  
  159  11:17  Marine  
  159  11:18  Ghost  
  166  11:25  Widow Mine x2  
  169  11:26  Ghost  
  169  11:27  Ghost  
  173  11:43  Marine x4  
  173  11:44  Supply Depot  
  173  11:45  Medivac x2  
  180  11:59  Marine  
  181  12:05  Ghost x2, Marine x4  
  189  12:26  Ghost  
  189  12:27  Marine  
  189  12:35  Marine x3  
  189  12:36  Ghost, Command Center  
  189  12:37  Marine  
  188  12:46  Marine  
  188  12:50  Barracks  
  188  12:51  Barracks  
  189  12:57  Marauder, Marine x2  
  189  13:01  Marauder, Marine  
  189  13:03  Marine  
  189  13:05  Marauder  
  181  13:14  Marine x2  
  181  13:17  Ghost  
  181  13:18  Terran Infantry Weapons Level 3, Terran Infantry Armor Level 3, Marine  
  153  13:21  Ghost, Marine  
  153  13:26  Marine  
  123  13:27  Widow Mine x2  
  123  13:32  Marine x2  
  125  13:34  Medivac  
  125  13:35  Medivac  
  125  13:40  SCV x3  
  122  13:45  Barracks Tech Lab  
  122  13:46  Barracks Tech Lab, Marine x2  
  122  13:48  Widow Mine x2, Marauder  
  130  13:49  Marauder  
  130  13:52  SCV x3  
  135  13:57  Marauder  
  135  13:58  Marine  
  137  14:04  Marauder, SCV x2  
  137  14:05  Marauder  
  143  14:11  Medivac x2  
  143  14:12  Planetary Fortress  
  143  14:14  Missile Turret  
  151  14:17  Marauder x2  
  151  14:20  Marauder, Marine x2  
  154  14:25  Ghost  
  154  14:26  Marine x3  
  161  14:38  Marauder x2  
  161  14:41  Marine  
  161  14:42  Marauder, Marine  
  161  14:43  Viking  
  161  14:44  Marauder, Viking  
  161  14:45  Starport  
  163  14:53  Marine x2  
  163  14:54  Marauder  
  163  14:59  Marine x2  
  172  15:00  Marauder x2  
  172  15:03  Marauder  
  175  15:08  Marauder  
  175  15:11  Marine x2  
  179  15:16  Marauder  
  179  15:17  Marine x2  
  179  15:21  Marauder x2, Medivac x2  
  187  15:25  Marauder  
  193  15:29  Marauder  
  195  15:35  Marine  
  195  15:36  Marine  
  195  15:37  Marauder  
  195  15:41  Marine  
  197  15:47  Viking  
  200  16:03  Viking x3  
  197  16:13  Marauder  
  194  16:31  Viking  
  191  16:33  Viking x2  
  191  16:34  Marauder, Marine x2  
  191  16:36  Marauder  
  184  16:40  Viking  
  184  16:41  Marauder x3  
  184  16:44  Marine x2  
  193  16:52  Marine x2  
  188  16:56  Marauder  
  188  16:57  Marauder  
  188  17:01  Viking  
  182  17:02  Marauder x2, Marine x2  
  182  17:03  Viking x2  
  177  17:13  Marine x2  
  177  17:14  Marine  
  175  17:17  Marauder  
Show
View Real Time Build Order
Export as new Build Order

ShoWTimE Protoss 

Build Orders: Oracle Opening 

Get SALT Encoding   

  12  0:00  Probe  
  13  0:12  Probe  
  14  0:17  Pylon  
  14  0:24  Probe  
  15  0:36  Probe  
  15  0:38  Gateway  
  16  0:49  Probe  
  17  0:51  Pylon  
  17  0:54  Assimilator  
  17  1:01  Probe  
  18  1:11  Gateway  
  18  1:14  Probe  
  19  1:26  Cybernetics Core, Probe  
  20  1:33  Assimilator  
  20  1:38  Probe  
  21  1:50  Probe  
  21  1:52  Adept  
  21  1:53  Stalker  
  22  2:02  Probe  
  27  2:12  Warp Gate  
  27  2:14  Probe, Stalker  
  28  2:17  Pylon  
  30  2:35  Adept  
  32  2:50  Stargate, Probe  
  33  3:04  Probe  
  34  3:11  Nexus  
  34  3:17  Pylon  
  34  3:27  Probe  
  35  3:31  Oracle  
  37  3:39  Probe  
  39  3:50  Gateway  
  39  3:51  Probe  
  39  3:53  Twilight Council  
  40  4:00  Oracle  
  40  4:03  Probe  
  44  4:14  Blink  
  44  4:15  Probe  
  45  4:20  Probe  
  45  4:22  Pylon  
  45  4:27  Probe  
  45  4:29  Probe  
  48  4:38  Probe  
  48  4:39  Probe  
  48  4:41  Stalker  
  48  4:44  Assimilator  
  52  4:48  Shield Battery  
  52  4:51  Probe x2  
  52  4:52  Stalker  
  56  5:03  Probe x2  
  56  5:05  Stalker  
  60  5:14  Stalker  
  60  5:15  Probe x2  
  60  5:17  Pylon  
  60  5:19  Gateway  
  64  5:27  Probe  
  65  5:29  Stalker x2  
  65  5:30  Probe  
  65  5:33  Pylon  
  70  5:39  Probe  
  71  5:43  Probe  
  71  5:49  Pylon  
  72  5:55  Stalker x3  
  76  6:02  Charge  
  75  6:04  Nexus  
  75  6:06  Probe  
  75  6:09  Probe  
  77  6:20  Probe  
  77  6:21  Probe  
  77  6:23  Forge  
  77  6:24  Sentry  
  81  6:29  Gateway  
  81  6:30  Gateway  
  82  6:32  Probe  
  82  6:34  Probe  
  83  6:42  Protoss Ground Armor Level 1  
  83  6:45  Probe  
  83  6:46  Gateway  
  84  6:51  Gateway  
  84  6:52  Probe  
  84  6:54  Gateway  
  84  6:56  Stalker  
  84  6:58  Probe  
  81  7:04  Probe  
  78  7:10  Zealot  
  80  7:18  Gateway  
  80  7:20  Pylon  
  80  7:22  Probe x2  
  82  7:23  Pylon, Probe  
  83  7:34  Probe x2  
  83  7:35  Probe  
  83  7:40  Pylon  
  83  7:42  Forge, Assimilator  
  83  7:44  Pylon  
  83  7:46  Probe  
  83  7:47  Assimilator  
  84  7:52  Probe x2  
  84  7:54  Zealot x2  
  84  7:56  Zealot, Sentry  
  94  8:00  Pylon  
  94  8:01  Zealot x2, Protoss Ground Weapons Level 1  
  98  8:09  Zealot x2  
  102  8:17  Zealot x2  
  102  8:18  Zealot  
  106  8:22  Zealot  
  106  8:23  Zealot  
  110  8:27  Zealot  
  110  8:32  Pylon  
  110  8:33  Probe x3  
  115  8:36  Zealot  
  115  8:37  Zealot  
  119  8:43  Templar Archives, Assimilator  
  119  8:45  Probe x2  
  119  8:46  Zealot x2  
  119  8:47  Protoss Ground Armor Level 2  
  125  8:53  Zealot x2  
  123  9:00  Zealot x3  
  101  9:03  Sentry  
  101  9:09  Sentry  
  103  9:10  Sentry  
  103  9:12  Shield Battery  
  103  9:14  Shield Battery  
  103  9:15  Zealot  
  103  9:16  Pylon  
  107  9:19  Robotics Facility  
  107  9:20  High Templar x3  
  107  9:22  High Templar  
  115  9:25  Pylon  
  115  9:26  Archon  
  115  9:27  Archon  
  115  9:30  Zealot x2  
  117  9:36  Zealot x2  
  121  9:39  Psionic Storm  
  121  9:44  Photon Cannon  
  119  9:54  Stalker x4  
  127  10:01  Stalker x2  
  127  10:06  High Templar x2  
  135  10:13  Nexus  
  135  10:17  Pylon  
  135  10:20  Warp Prism  
  137  10:24  High Templar  
  137  10:26  Zealot  
  139  10:35  Zealot x4, Protoss Ground Weapons Level 2  
  145  10:46  High Templar x3  
  151  10:56  Probe x3  
  150  11:06  High Templar  
  150  11:07  Zealot x4  
  150  11:08  Probe, Archon x2  
  154  11:19  Protoss Ground Armor Level 3  
  154  11:20  Zealot x3  
  154  11:23  Probe  
  160  11:31  High Templar x3  
  164  11:44  Pylon  
  164  11:45  Pylon  
  164  11:48  Pylon, Nexus  
  164  11:51  Pylon  
  164  11:54  Pylon  
  164  11:56  Pylon  
  164  11:59  Observer  
  164  12:01  Nexus  
  164  12:04  Pylon  
  164  12:07  Zealot x3  
  171  12:12  Zealot x2  
  171  12:14  High Templar  
  173  12:17  High Templar x2  
  177  12:28  Observer  
  174  12:33  Unknown  
  174  12:35  Zealot x4  
  174  12:36  Pylon  
  171  12:45  Probe x3  
  171  12:46  Zealot  
  171  12:47  Zealot  
  178  12:53  Archon  
  178  12:54  Zealot  
  176  13:01  Archon  
  176  13:05  Zealot x2  
  165  13:08  Zealot x2  
  165  13:10  Probe x2  
  165  13:11  Probe  
  170  13:15  Zealot  
  119  13:27  High Templar x3  
  119  13:28  Zealot x3  
  119  13:31  Probe x2  
  133  13:38  High Templar x2  
  137  13:43  Probe x2  
  137  13:44  Probe x2  
  137  13:45  Probe  
  142  13:49  High Templar  
  142  13:50  Protoss Ground Weapons Level 3, High Templar  
  142  13:52  Zealot  
  148  13:55  Probe x2  
  148  13:56  Probe x2  
  148  13:57  Probe  
  148  13:59  Pylon  
  148  14:02  Robotics Bay  
  153  14:04  High Templar, Robotics Facility  
  155  14:13  Unknown  
  155  14:15  Protoss Shields Level 1  
  155  14:16  Stalker x2  
  159  14:25  Pylon  
  159  14:27  Photon Cannon  
  159  14:30  Shield Battery, Pylon  
  159  14:34  Extended Thermal Lance  
  159  14:37  Colossus x2  
  159  14:38  Stalker x3  
  175  15:01  Observer  
  175  15:04  Dark Shrine  
  175  15:05  Probe x2  
  177  15:07  High Templar  
  177  15:09  Photon Cannon  
  177  15:11  Photon Cannon  
  179  15:16  Zealot x3, High Templar x2  
  179  15:21  Archon  
  189  15:24  Zealot x2  
  189  15:26  Colossus x2  
  185  15:40  Zealot x3  
  199  15:47  Zealot, Stalker x2  
  180  16:07  Stalker x4  
  188  16:13  Stalker  
  188  16:14  Stalker  
  192  16:21  Archon x2  
  192  16:22  Zealot x2  
  190  16:33  Zealot  
  190  16:34  Zealot x3  
  168  16:41  Pylon  
  168  16:46  Disruptor  
  168  16:47  Disruptor  
  166  16:55  High Templar x7  
  166  16:56  Pylon  
  166  16:58  Zealot  
  113  17:12  Archon  
  94  17:21  Stalker  
  74  17:27  Dark Templar x2  
  79  17:33  Zealot x3  
  79  17:34  Archon  
  79  17:36  Stalker x2  
Tags
 
Add a new tag
Caveats
  • Supply blocks, unpowered buildings, or Contaminate may cause inaccurate times.
  • Supply counts are checked every 10 seconds.